 Dungeon Crawl Stone Soup version 0.28.0-53-g5a82cb258f (webtiles) character file.

Game seed: 571767929037999050

20 NotreDorf the Stinger (level 2, 0/21 HPs)
             Began as a Merfolk Venom Mage on Aug 20, 2022.
             Shot with a stone by a goblin (1 damage)
             ... on level 2 of the Dungeon.
             The game lasted 00:03:26 (1033 turns).

NotreDorf the Stinger (Merfolk Venom Mage)          Turns: 1033, Time: 00:03:27

Health: 0/21       AC:  2    Str:  8    XL:     2   Next: 79%
Magic:  5/5        EV: 12    Int: 14    God:
Gold:   59         SH:  0    Dex: 14    Spells: 4/5 levels left

rFire   . . .      SeeInvis .   b - +0 spear
rCold   . . .      Faith    .   (no shield)
rNeg    . . .      Spirit   .   a - +0 robe
rPois   .          Reflect  .   (no helmet)
rElec   .          Harm     .   (no cloak)
rCorr   .          Rampage  .   (no gloves)
Will    .....                   (no boots)
Stlth   ++........              (no amulet)
HPRegen 0.07/turn               (no ring)
MPRegen 0.09/turn               (no ring)

@: no status effects
A: (nimble swimmer 2), mertail
a: no special abilities


You were on level 2 of the Dungeon.
You visited 1 branch of the dungeon, and saw 2 of its levels.

You collected 59 gold pieces.

Inventory:

Hand Weapons
 b - a +0 spear (weapon)
Armour
 a - a +0 robe (worn)
Scrolls
 f - a scroll of teleportation {unknown}
 h - a scroll of fear {unknown}
Potions
 c - a potion of brilliance {unknown}
 d - a potion of berserk rage {unknown}
 e - a potion of flight {unknown}
 g - a potion of heal wounds {unknown}


   Skills:
 + Level 1.1 Fighting
 + Level 1.4 Polearms
 - Level 2.6 Dodging
 - Level 2.1 Stealth
 + Level 2.3 Spellcasting
 - Level 1.3 Transmutations
 + Level 3.5 Poison Magic


You had 4 spell levels left.
You knew the following spells:

 Your Spells              Type           Power      Damage    Failure   Level
a - Sting                 Tmut/Pois      32%        1d4       9%          1

Your spell library contained the following spells:

 Spells                   Type           Power      Damage    Failure   Level
 Poisonous Vapours        Pois/Air       12%        N/A       17%         2
 Mephitic Cloud           Conj/Pois/Air  4%         N/A       38%         3
 Olgreb's Toxic Radiance  Pois           11%        N/A       47%         4


Dungeon Overview and Level Annotations

Branches:
Dungeon (2/15)

Altars:

Annotations:
D:2 Robin


Innate Abilities, Weirdness & Mutations

((You are very nimble when in or above water. (Stealth+, EV+, Speed+++)))
Your lower body shifts to a powerful aquatic tail in water.


Message History

You hit the ball python. You punch the ball python.
You kill the ball python!
You miss the goblin.
Robin of the Strong Arm comes into view.
They are wielding a +0 short sword.
The goblin closely misses you.
You closely miss the goblin. The goblin misses you.
Robin shouts!
You hit the goblin.
You kill the goblin!
You hear a shout!
You hit the hobgoblin.
The hobgoblin is lightly wounded.
The hobgoblin hits you.
You are too injured to fight recklessly!
You are too injured to fight recklessly!
You are too injured to fight recklessly!
You hit the hobgoblin but do no damage.
The hobgoblin is lightly wounded.
Robin roars a battlecry!
The hobgoblin goes into a battle-frenzy!
The hobgoblin completely misses you.
A hobgoblin comes into view.
The hobgoblin closely misses you.
You hear a shout! x2
You hit the hobgoblin.
The hobgoblin is heavily wounded.
You barely miss the hobgoblin.
The hobgoblin is heavily wounded.
The hobgoblin hits you.
* * * LOW HITPOINT WARNING * * *
A goblin comes into view. It is wielding a +0 dagger.
The goblin shouts!
You hear a bark! x2
The goblin unwields a +0 dagger.
The goblin wields a +0 hunting sling.
The goblin shoots a stone.
The stone barely misses you.
Found a scroll labelled QOUTOUF OFAICK.
Found a scroll labelled REIMYL KAMNAOT.
Found 6 gold pieces.
A jackal comes into view.
The goblin shoots a stone.
The stone hits you.
You die...

#.# ##..#...#
######.####..##...##
#........g.<.#.....#
#.####.#####.#.....#.
#?...#g# #..S)S..g.
## #..gg# #.#####.##
$#..#.##g# #.#
......##.#####.#
#.....@.......#
##.#.#.####.... #.
.## .### .. .h . ##
.?. #.## #. #


You could see a jackal, 2 hobgoblins and a goblin.

Vanquished Creatures
  2 ball pythons
  A giant cockroach (D:1)
  5 goblins
  A hobgoblin (D:2)
  6 kobolds
  A frilled lizard (D:1)
  3 rats (D:1)
19 creatures vanquished.

Vanquished Creatures (others)
  18 plants (D:1)
  4 toadstools (D:1)
22 creatures vanquished.

Grand Total: 41 creatures vanquished

Notes
Turn   | Place    | Note
-------+----------+-------------------------------------------
     0 | D:1      | NotreDorf the Merfolk Venom Mage began the quest for the
                  | Orb.
     0 | D:1      | Reached XP level 1. HP: 13/13 MP: 3/3
   663 | D:1      | Reached skill level 1 in Polearms
   663 | D:1      | Reached XP level 2. HP: 17/20 MP: 3/5
   817 | D:1      | Reached skill level 1 in Fighting
  1020 | D:2      | Noticed Robin
  1028 | D:2      | HP: 1/21 [hobgoblin[Robin] (6)]
  1033 | D:2      | Shot with a stone by a goblin

Illustrated notes

Levels and vault maps discovered:
D:1:      ldierk_walled_garden_2, layout_basic, serial_glass, glass_columns_a,
          glass_columns_c, wad_floor_pattern_untrapped, lexackson_kobold_supper
D:2:      layout_loops_ring, chequers_garden, minmay_unequal, uniq_terence,
          uniq_robin

Skill      XL: |  1  2 |
---------------+-------+-----
Polearms       | 1 |  1.4
Fighting       | 1 |  1.1
Dodging        | |  2.6
Stealth        | |  2.1
Spellcasting   | |  2.3
Transmutations | |  1.3
Poison Magic   | |  3.5

Action                   || total
-------------------------++-------
Melee: Spear             ||    68
       Punch             ||     1
 Cast: Sting             ||     6
 Stab: Distracted        ||     1
Armor: Robe              ||     3
Dodge: Dodged            ||    17
